 Dungeon Crawl Stone Soup version 0.24.0-123-gd5b16e6ec5 (webtiles) character file.

Game seed: 10940479703229867354, levelgen mode: deterministic

16247 Bamboo the Fighter (level 12, -2/126 HPs)
             Began as a Troll Fighter on Jan 4, 2020.
             Was the Champion of Okawaru.
             Slain by an ufetubus (5 damage)
             ... summoned by a ynoxinul
             ... on level 3 of the Abyss.
             The game lasted 00:52:04 (10747 turns).

Bamboo the Fighter (Troll Fighter)                 Turns: 10747, Time: 00:52:05

Health: -2/126     AC:  0    Str: 31    XL:     12   Next: 8%
Magic:  0/11       EV: 18    Int:  4    God:    Okawaru [******]
Gold:   714        SH:  0    Dex:  9    Spells: 11/11 levels left

rFire    . . .     SeeInvis .     - Unarmed
rCold    . . .     Gourm    +   (shield currently unavailable)
rNeg     . . .     Faith    .   (armour currently unavailable)
rPois    .         Spirit   +   (helmet currently unavailable)
rElec    .         Reflect  .   (cloak currently unavailable)
rCorr    .         Harm     .   (gloves unavailable)
MR       .....                  (boots unavailable)
Stlth    +.........             M - amulet of guardian spirit
HPRegen  0.71/turn              (ring currently unavailable)
MPRegen  0.12/turn              (ring currently unavailable)

@: pig-form, very quick
A: small, unfitting armour, fast metabolism 3, gourmand, regeneration 1
a: Heroism, Finesse, Renounce Religion


You were on level 3 of the Abyss.
You worshipped Okawaru.
Okawaru was exalted by your worship.
You were full.
You were a filthy swine.
You visited 2 branches of the dungeon, and saw 13 of its levels.
You visited the Abyss 1 time.
You also visited: Bailey.

You collected 714 gold pieces.

Inventory:

Hand Weapons
 t - a +2 whip of flaming
 D - a +0 giant club
 E - the +7 hand crossbow of Vauck {velocity, +Inv Int+2}
   (Okawaru gifted it to you on level 10 of the Dungeon)

   Any bolt fired from it inflicts extra damage.
   It affects your intelligence (+2).
   It lets you turn invisible.
 R - the +5 giant spiked club of Calculation (melded) {elec, rF+ Stlth+}
   (Okawaru gifted it to you on level 12 of the Dungeon)

   Occasionally, upon striking a foe, it will discharge some electrical energy
   and cause terrible harm.
   It protects you from fire.
   It makes you more stealthy.
Missiles
 m - 10 large rocks (quivered)
Armour
 b - a +0 shield
 w - a +0 cloak (melded)
 x - a +2 hat (melded)
 N - a +2 robe of cold resistance
 O - a +2 robe of magic resistance
 S - +0 acid dragon scales (melded)
Jewellery
 a - a +1 ring of evasion {unknown}
 n - an uncursed ring of protection from fire
 r - an uncursed ring of stealth
 B - an uncursed ring of ice
 I - a ring of protection from magic (melded)
 J - a ring of magical power (melded)
 M - an amulet of guardian spirit (around neck)
Wands
 o - a wand of flame (11)
 s - a wand of acid (12)
 F - a wand of paralysis (20)
 H - a wand of iceblast (11)
Scrolls
 f - 8 scrolls of teleportation
 h - 3 scrolls of remove curse
 i - 6 scrolls of identify
 u - 5 scrolls of immolation {unknown}
 y - a scroll of fear
 z - 4 scrolls of amnesia
 C - 5 scrolls of enchant weapon {unknown}
 G - 3 scrolls of enchant armour {unknown}
 K - 3 scrolls of vulnerability {unknown}
Potions
 c - 2 potions of might
 e - a potion of resistance {unknown}
 g - 4 potions of curing
 j - 2 potions of ambrosia {unknown}
 k - a potion of mutation {unknown}
 l - 3 potions of flight {unknown}
 p - 2 potions of magic {unknown}
 q - 2 potions of heal wounds
 v - a potion of degeneration {unknown}
 A - 3 potions of lignification {unknown}
 L - a potion of haste {unknown}
Miscellaneous
 P - a fan of gales
 Q - a phial of floods
Comestibles
 d - 29 rations


   Skills:
 - Level 9.9 Fighting
 * Level 2.8 Maces & Flails
 + Level 1.5 Armour
 - Level 8.8 Dodging
 - Level 8.8 Shields
 - Level 7.6 Unarmed Combat


You had 11 spell levels left.
You didn't know any spells.
Your spell library contained the following spells:

 Spells                   Type           Power        Failure   Level  Hunger
 Animate Skeleton         Necr           N/A          50%         1    ##.....
 Apportation              Tloc           #.....       50%         1    ##.....
 Beastly Appendage        Tmut           #.....       50%         1    ##.....
 Confusing Touch          Hex            #.....       50%         1    ##.....
 Summon Small Mammal      Summ           #...         50%         1    ##.....
 Sticks to Snakes         Tmut           #.......     65%         2    ###....
 Spider Form              Tmut/Pois      #.........   86%         3    ####...
 Ice Form                 Ice/Tmut       #.......     99%         4    #####..
 Blade Hands              Tmut           #.........   100%        5    ######.


Dungeon Overview and Level Annotations

Branches:
Dungeon (12/15)            Temple (1/1) D:4            Lair (0/6) D:11
    Orc (0/2) D:9          Bailey (visited)

Altars:
Ashenzari
Cheibriados
Dithmenos
Elyvilon
Fedhas
Gozag
Hepliaklqana
Kikubaaqudgha
Makhleb
Nemelex Xobeh
Okawaru
Qazlal
Ru
Sif Muna
Trog
Uskayaw
Vehumet
Wu Jian
Xom
Yredelemnul
Zin
The Shining One

Shops:
D:3 *   D:5 %

Annotations:
D:10 Urug
D:11 Sonja
D:12 1 exclusion


Innate Abilities, Weirdness & Mutations

You are too large for most types of armour.
((You have claws for hands.))
Your metabolism is lightning-fast.
You like to eat raw meat.
Your natural rate of healing is unusually fast.
((You are covered in fur. (AC +1)))
((You have extremely tough skin. (AC +3)))


Message History

The apocalypse crab bites you.
* * * LOW HITPOINT WARNING * * *
You turn into a filthy swine.
The +5 giant spiked club of Calculation {elec, rF+ Stlth+} melds into your body.
Your +0 cloak melds into your body.
Your +2 hat melds into your body.
Your +0 acid dragon scales melds into your body.
Your ring of protection from magic melds into your body.
Your ring of magical power melds into your body.
The +5 giant spiked club of Calculation {elec, rF+ Stlth+} stops crackling.
You feel your magic capacity decrease. The apocalypse crab misses you.
You bite the hell hog!
The hell hog is severely wounded.
The hell hog bites you. The ufetubus barely misses you.
The ufetubus closely misses you. The apocalypse crab barely misses you.
The apocalypse crab misses you.
You hit the hell hog but do no damage.
The hell hog is severely wounded.
The hell hog barely misses you. The ufetubus barely misses you.
The ufetubus hits you.
You die... 3

# .# .....# ..# #
# ....# .. ...
#...#. .5...####
##.... #§...#
#..##...## § #
..#...#.....###
##t.#.##......5.#
5:5. .#
.3.5..#5t##.# .
..
##...#.#..#hh.#
#... 3..#..
..###....#
...#...#.##.###
#....
.#.#.#.#..#.# .##
... #..# . # .
...# ####. #. ##
##.#. #


You could see a hell hog, an apocalypse crab and 2 ufetubi.

Vanquished Creatures
  Fannar (D:10)
  A hydra (D:8)
  Erica (D:10)
  4 two-headed ogres
  A tengu warrior (D:12)
  3 unseen horrors
  Pikel (D:4)
  A cyclops (D:12)
  Joseph (D:8)
  Maurice (D:11)
  A tengu conjurer (D:12)
  4 hippogriffs
  2 dream sheep (D:8)
  7 yaks
  Eustachio (D:5)
  A steam dragon (D:10)
  A chaos spawn (Abyss:3)
  3 wraiths
  A basilisk (D:10)
  2 small abominations (Abyss:3)
  Menkaure (D:5)
  2 acid dragons (D:12)
  A water moccasin (D:11)
  3 sky beasts
  An orc warrior (D:6)
  3 phantoms
  A necrophage (D:6)
  3 ogres
  2 centaurs
  A crocodile (D:10)
  4 big kobolds (D:8)
  5 bullfrogs
  3 scorpions
  A killer bee (D:7)
  10 wights
  3 howler monkeys
  6 crimson imps
  2 jellies
  A quasit (D:7)
  3 bullfrog skeletons
  5 human zombies (D:7)
  4 orc priests
  A gnoll shaman (D:7)
  3 hounds
  6 orc wizards
  2 centaur skeletons
  2 iguanas
  7 worker ants
  A hound zombie (D:8)
  2 mummies (D:7)
  2 howler monkey zombies
  5 gnolls (D:7)
  14 adders
  A river rat (D:5)
  3 shadow imps
  3 oozes
  An adder skeleton (D:5)
  5 worms
  2 dart slugs
  A leopard gecko (D:7)
  18 orcs
  2 ball pythons (D:5)
  8 giant cockroaches
  5 goblins
  8 hobgoblins
  22 jackals
  5 quokkas
  8 bats
  7 frilled lizards
  A giant cockroach zombie (D:5)
  A jackal skeleton (D:5)
  10 kobolds
  8 rats
  A spectral orc (D:3)
268 creatures vanquished.

Vanquished Creatures (others)
  Erolcha (D:11)
  A crimson imp (D:4)
  An adder (D:11)
  A quokka (D:11)
  7 starspawn tentacles (Abyss:3)
11 creatures vanquished.

Grand Total: 279 creatures vanquished

Notes
Turn   | Place    | Note
-------+----------+-------------------------------------------
     0 | D:1      | Bamboo the Troll Fighter began the quest for the Orb.
     0 | D:1      | Reached XP level 1. HP: 22/22 MP: 0/0
   101 | D:1      | Reached XP level 2. HP: 29/29 MP: 1/1
   522 | D:2      | Reached XP level 3. HP: 34/36 MP: 2/2
   776 | D:2      | Reached skill level 3 in Fighting
   857 | D:2      | Found a bloodstained altar of Trog.
   857 | D:2      | Found a hazy altar of Hepliaklqana.
   858 | D:2      | Found a shimmering altar of Xom.
   916 | D:2      | Reached XP level 4. HP: 43/45 MP: 3/3
  1610 | D:3      | Found a basalt altar of Yredelemnul.
  1750 | D:3      | Found Zin's Purification Station.
  1753 | D:3      | Found a glowing silver altar of Zin.
  2171 | D:3      | Found a radiant altar of Vehumet.
  2172 | D:3      | Found a burning altar of Makhleb.
  2176 | D:3      | Reached XP level 5. HP: 53/53 MP: 4/4
  2237 | D:4      | Noticed Pikel
  2237 | D:4      | Noticed a slave
  2237 | D:4      | Noticed a slave
  2237 | D:4      | Noticed a slave
  2237 | D:4      | Noticed a slave
  2255 | D:4      | Killed Pikel
  2255 | D:4      | Reached skill level 4 in Fighting
  2255 | D:4      | Reached XP level 6. HP: 38/63 MP: 5/5
  2255 | D:4      | Reached XP level 7. HP: 42/71 MP: 6/6
  2396 | D:4      | Found a stormy altar of Qazlal.
  2494 | D:4      | Found a staircase to the Ecumenical Temple.
  2505 | Temple   | Entered the Ecumenical Temple
  2541 | Temple   | Became a worshipper of Warmaster Okawaru
  2741 | D:5      | Entered Level 5 of the Dungeon
  2776 | D:5      | Noticed Menkaure
  2783 | D:5      | Killed Menkaure
  2990 | D:5      | Reached skill level 5 in Fighting
  3014 | D:5      | Reached XP level 8. HP: 66/80 MP: 7/7
  3084 | D:5      | Reached * piety under Okawaru
  3109 | D:5      | Noticed Eustachio
  3115 | D:5      | Killed Eustachio
  3233 | D:5      | Found an iron altar of Okawaru.
  3523 | D:5      | Found Tillaosm's Food Boutique.
  4007 | D:6      | Reached skill level 6 in Fighting
  4173 | D:6      | Noticed a two-headed ogre
  4209 | D:6      | Killed a two-headed ogre
  4209 | D:6      | Reached ** piety under Okawaru
  4209 | D:6      | Reached XP level 9. HP: 49/92 MP: 8/8
  4515 | D:6      | Reached skill level 5 in Dodging
  4515 | D:6      | Reached skill level 5 in Shields
  4596 | D:6      | Reached *** piety under Okawaru
  5450 | D:7      | Reached skill level 7 in Fighting
  5576 | D:7      | Found a snail-covered altar of Cheibriados.
  5914 | D:7      | Found a shattered altar of Ashenzari.
  6014 | D:7      | Found an ancient bone altar of Kikubaaqudgha.
  6021 | D:7      | Reached XP level 10. HP: 88/102 MP: 9/9
  6053 | D:7      | Reached **** piety under Okawaru
  6338 | D:8      | Noticed a two-headed ogre
  6346 | D:8      | Killed a two-headed ogre
  6405 | D:8      | Noticed Joseph
  6423 | D:8      | Killed Joseph
  6601 | D:8      | Reached skill level 8 in Fighting
  6818 | D:8      | Reached ***** piety under Okawaru
  6857 | D:8      | Noticed a two-headed hydra
  6868 | D:8      | Killed a two-headed hydra
  7244 | D:9      | Identified a scroll of acquirement
  7353 | D:9      | Found a shimmering blue altar of Sif Muna.
  7435 | D:9      | Found a staircase to the Orcish Mines.
  7801 | D:9      | Noticed a two-headed ogre
  7867 | D:9      | Killed a two-headed ogre
  7867 | D:9      | Reached XP level 11. HP: 39/113 MP: 7/10
  7972 | D:10     | Entered Level 10 of the Dungeon
  8124 | D:10     | Noticed Fannar
  8168 | D:10     | Killed Fannar
  8270 | D:10     | Noticed Urug
  8452 | D:10     | Reached skill level 9 in Fighting
  8608 | D:10     | Noticed Erica
  8644 | D:10     | Killed Erica
  8644 | D:10     | Reached ****** piety under Okawaru
  9058 | D:11     | Noticed Sonja
  9084 | D:11     | Noticed Maurice
  9091 | D:11     | Noticed a two-headed ogre
  9106 | D:11     | Found a staircase to the Lair.
  9315 | D:10     | Killed a two-headed ogre
  9467 | D:10     | Received a gift from Okawaru
  9470 | D:10     | Got a crude hand crossbow {god gift}
  9471 | D:10     | Identified the +7 hand crossbow of Vauck {velocity, +Inv
                  | Int+2} (Okawaru gifted it to you on level 10 of the
                  | Dungeon)
  9537 | D:10     | Killed an unseen horror
  9667 | D:11     | Killed Maurice
  9752 | D:11     | Noticed Erolcha
  9776 | D:11     | Killed Erolcha
 10010 | D:12     | Found a flagged portal.
 10018 | Bailey   | Entered a bailey
 10098 | D:12     | Noticed a tengu warrior
 10112 | D:12     | Killed a tengu warrior
 10153 | D:12     | Killed an unseen horror
 10153 | D:12     | Received a gift from Okawaru
 10156 | D:12     | Got a transparent giant spiked club {god gift}
 10162 | D:12     | Identified the +5 giant spiked club of Calculation {elec,
                  | rF+ Stlth+} (Okawaru gifted it to you on level 12 of the
                  | Dungeon)
 10416 | D:12     | Killed an unseen horror
 10416 | D:12     | Reached skill level 1 in Maces & Flails
 10416 | D:12     | Reached XP level 12. HP: 26/126 MP: 5/11
 10576 | D:12     | Reached skill level 1 in Armour
 10652 | D:11     | Cast into level 2 of the Abyss (Sonja)
 10707 | Abyss:3  | Noticed a tentacled starspawn
 10707 | Abyss:3  | Noticed a hell hog
 10741 | Abyss:3  | HP: 4/126 [hell hog (13)]
 10747 | Abyss:3  | Slain by an ufetubus

Levels and vault maps discovered:
D:1:      minmay_arrival_shattered_statue, layout_rooms, amethyst_killhole
D:2:      layout_basic, gammafunk_temple_overflow_claw, minmay_misc_feat_plants
D:3:      layout_loops_corners, grunt_temple_overflow_lords_of_destruction,
          zin_purify, yredelemnul_forgotten_temple_becter, first_ration,
          minivault_11
D:4:      layout_rooms, lemuel_crystal_altar, minmay_temple_entry_glassed_door,
          uniq_pikel
D:5:      minmay_bubble_buster, layout_loops_corners, portal_sewer_entry_e,
          serial_shops, shop, okawaru_gym_becter, uniq_eustachio, uniq_menkaure
D:6:      layout_layer_cave, minmay_checkerbox
D:7:      layout_basic, lemuel_mausoleum_altar_kikubaaqudgha,
          lemuel_round_altar, marbit_many_paths
D:8:      layout_loops_ring, hangedman_ranch [blue_anna_fruit_fields],
          uniq_joseph
D:9:      layout_roguey, led_sif_pool
D:10:     layout_roguey, uniq_urug, uniq_josephine, uniq_erica, uniq_fannar
D:11:     layout_long_grid, david_lair_generic, uniq_nergalle, uniq_erolcha,
          uniq_maurice, uniq_sonja
D:12:     layout_grid_maze, enter_bailey_2
Temple:   eino_temple_lava
Abyss:3:  base: Temple, nicolae_abyss_rune_star_stuff,
          nicolae_abyss_rune_star_stuff

Skill      XL: |  1  2  3  4  5  6  7  8  9 10 11 12 |
---------------+-------------------------------------+-----
Unarmed Combat | 3 4 6 7 |  7.6
Fighting       | 3 4 5 6 7 8 9 |  9.9
Dodging        | 4 5 7 8 |  8.8
Shields        | 4 5 7 8 |  8.8
Maces & Flails | 1 2 |  2.8
Armour         | 1 |  1.5

Action                   |  1- 3 |  4- 6 |  7- 9 | 10-12 || total
-------------------------+-------+-------+-------+-------++-------
Melee: Unarmed           |    72 |    85 |   346 |   445 ||   948
       Whip              |       |       |       |    23 ||    23
       Giant spiked club |       |       |       |    58 ||    58
Throw: Large rock        |       |       |     5 |     6 ||    11
Invok: Heroism           |       |       |       |     1 ||     1
  Use: Scroll            |       |       |       |     8 ||     8
       Potion            |       |       |       |     4 ||     4
 Stab: Sleeping          |       |     2 |     4 |     6 ||    12
  Eat: Chunk             |    14 |    12 |    35 |    40 ||   101
Armor: Robe              |    38 |    24 |    81 |   185 ||   328
       Acid dragon scale |       |       |       |   111 ||   111
Dodge: Dodged            |    27 |    23 |   107 |   237 ||   394
Block: Shield            |    30 |    23 |   137 |   212 ||   402
